cohdb
Replays
Latest Replays
All Replays
Popular Replays
Top Player Replays
Match Explorer
How It Works
Community
CoH3 Stats
Reddit
Sign in to upload your games and track your stats! →
Sign in with Steam
Match 47262122
Unlisted
Match 47262122
Overview
Messages
Build Orders
End
Construct Section Command Post
Infantry Section
Dingo Light Scout Car
Infantry Section
Selects Canadian Shock Battlegroup
Construct Platoon Command Post
Infantry Section
Unlock M3 Stuart Light Tanks
Selects Attacking Spirit
Selects Canadian Shock Section
M3 Stuart Light Tank
Infantry Training
Selects Incendiary Munitions
Grenade Package
Canadian Shock Section
M3 Stuart Light Tank
Construct Company Command Post
Selects Pyrotechnics
Foot Guards Section
Selects Churchill Crocodile Heavy Tank
Churchill Crocodile Heavy Tank
Unlock Towed 17-pounder Anti-tank Guns
Selects Point Assault
17-pounder Anti-tank Gun Team
Churchill Crocodile Heavy Tank
Crusader II Medium Tank
Crusader II Medium Tank
Point Assault
Crusader II Medium Tank
Crusader II Medium Tank
Elegant_Downfall
montheponies
Abidant
Wehearvoices
Ben Shapiro raped me with facts
IronDragon
skyhawkfranky
Cicero_540
0
0
Comments
sign in to comment!
No comments posted yet!